Mojom, chaotic male elven Ranger ------------- |.......|...| ---.---...--- |...|.....| |.--------| -.-----. |.|...|...| ......... |.|.|.|.|.| -.---.|.... .-------- ----------- |.|.|.|.|.| ..%.|.|.... .........| |@.*...^..| |.|.|.|.|.| ....|.|.--- .....---.----|.g..^**..| |.|.|...|.| ..|...| ......| |.....-)^d.<....+ |.|.----|.| ..|--.| ...---.--------|...%.....| |.......|.| ..|.| |.... |...|.....|...[.*...| -------.|.---.--|.---.|... --[|.---.----------- |..|.|.[.....|...|.%.. ..|.| ... |..|.---.---.|.|.|.-- -.|.- --|..|...| ....|...| |.... |.-..---.| -.---.-- |.*.- --|......| ... |... -------- --- Mojom the Trailblazer Experience level: 9 Strength: 17 Dexterity: 13 Constitution: 16 Intelligence: 13 Wisdom: 15 Charisma: 7 Health: 0(73) Energy: 71(71) Def: 27 Gold: 0 Moves: 28548 Dungeon seed: cg6yFw_eXas7nyNg Game ID: Mojom_1631709489 Your Inventory: Amulets j - an uncursed amulet of reflection (being worn) Weapons d - the uncursed rustproof +0 Stormbringer (weapon in hand) e - an uncursed +1 elven bow (alternate weapon; not wielded) i - 12 uncursed +0 arrows of fire k - an uncursed +0 dagger G - 26 uncursed poisoned +0 orcish arrows M - 52 uncursed +2 elven arrows (in quiver) P - 26 uncursed +0 arrows Q - 24 blessed +2 arrows Armor n - an uncursed +3 cloak of invisibility (being worn) r - an uncursed +3 dwarvish iron helm (being worn) R - a blessed +1 pair of iron shoes (being worn) V - an uncursed +0 Uruk-hai shield (being worn) Y - an uncursed +0 dwarvish mithril-coat (being worn) Comestibles L - an uncursed male lizard corpse Spellbooks U - an uncursed spellbook of detect monsters X - an uncursed spellbook of dig Rings o - an uncursed +4 ring of protection (on left hand) v - an uncursed ring of slow digestion (on right hand) C - an uncursed ring of conflict N - an uncursed ring of see invisible Wands f - an uncursed wand of sleep (0:3) m - an uncursed wand of speed monster (0:0) t - an uncursed wand of fire (0:6) A - an uncursed wand of undead turning (0:3) E - an uncursed wand of teleportation (0:0) I - an uncursed wand of sleep (0:5) O - an uncursed wand of light (0:9) S - an uncursed wand of digging (0:6) W - an uncursed wand of light (0:1) Tools b - an uncursed sack s - an uncursed stethoscope u - an uncursed +0 unicorn horn w - an uncursed magic whistle x - an uncursed +0 pick-axe D - an uncursed mirror T - an uncursed blindfold Gems q - an uncursed touchstone Contents of the sack: an uncursed +0 thirsty poisoned dart an uncursed apple 4 uncursed lembas wafers an uncursed lichen corpse 2 uncursed sprigs of wolfsbane an uncursed tripe ration an uncursed scroll of identify an uncursed scroll of summoning an uncursed spellbook of magic missile an uncursed spellbook of speed monster a blessed potion of full healing an uncursed potion of gain energy an uncursed potion of object detection an uncursed +1 ring of gain strength an uncursed agate stone 2 uncursed amethyst stones an uncursed diamond 3 uncursed emeralds an uncursed garnet stone 815 gold pieces Spells and supernatural/magical abilities: Name Level Category Cost Memory c - cause fear 3 enchantment 3000pw 78% h - healing 1 healing 1000pw 61% W - pray for help -- divine ? -- Your skills at the end: Fighting Skills wands [Basic] Weapon Skills dagger [Skilled] broadsword [Basic] bow [Expert] Spellcasting Skills Final Attributes: You were piously aligned. You were cold resistant. You were immune to sleep. You were poison resistant. You were level-drain resistant. You saw invisible. You were telepathic. You had automatic searching. You had infravision. You were invisible. You were stealthy. You could teleport. You had teleport control. You had slower digestion. You were protected. You had reflection. You got a gift from your god 8663 turns ago. Mars was pleased with you. You are dead. Vanquished creatures: a vampire lord a vampire 2 giant mimics 3 large mimics 4 long worms a stalker 2 giant mummies 3 winter wolves a small mimic a xan 2 ettin mummies 2 sasquatches a wood golem a large dog 2 freezing spheres 2 flaming spheres 3 shocking spheres 2 large cats a tiger 2 dwarf kings 3 tengu 2 leocrottas a mountain centaur 2 stone giants an elf mummy 2 human mummies a python a wraith a carnivorous ape an ettin zombie 3 chameleons a giant beetle 3 quivering blobs a wolf 4 winter wolf cubs 2 lynxes a panther 4 leprechauns an iron piercer 2 giant spiders a scorpion a horse 2 ice vortices 5 vampire bats 3 gnome kings 3 orc mummies a dwarf mummy an ogre a rust monster an owlbear a yeti a gold golem a werewolf 2 lizards a dog a dingo 2 housecats 4 jaguars 4 dwarf lords 2 blue jellies a white unicorn 2 gray unicorns 3 ravens a plains centaur 3 gnome mummies 2 snakes 3 apes 8 human zombies 3 rope golems 8 soldier ants a fire ant 2 imps a wood nymph 5 water nymphs 6 Mordor orcs 10 Uruk-hai 2 orc shamans 3 rock piercers 3 ponies 8 yellow lights 4 shriekers a violet fungus 14 gnome lords 5 gnomish wizards 5 kobold mummies a red naga hatchling a black naga hatchling 3 golden naga hatchlings 2 guardian naga hatchlings 5 gray oozes a barrow wight 7 elf zombies 3 ghouls 6 straw golems 4 paper golems 3 baby crocodiles 3 giant ants a little dog 11 floating eyes 3 kittens 20 dwarves 4 kobold lords 2 kobold shamans 32 hill orcs 2 rothes 2 rabid rats 2 centipedes 2 giant bats 5 monkeys 6 orc zombies 8 dwarf zombies 3 wererats 2 werejackals 9 iguanas 7 killer bees 5 acid blobs 13 coyotes 3 gas spores 6 hobbits 7 manes a large kobold 2 hobgoblins 14 giant rats 5 cave spiders 2 brown molds a yellow mold 4 green molds a red mold 64 gnomes 10 garter snakes 4 gnome zombies 20 geckos 19 jackals 7 foxes 6 kobolds 2 goblins 14 sewer rats 12 grid bugs 13 bats 12 lichens 2 kobold zombies 24 newts 649 creatures vanquished. Voluntary challenges: You used a wielded weapon 394 times, starting on turn 482. You read items or engraved 12 times, starting on turn 4555. You never genocided any monsters. You never polymorphed an object. You changed form 1 time, starting on turn 24504. You used no wishes. You never split a pudding. You never wrote Elbereth's name. You never violated your personal moral code. Dungeon overview: The Dungeons of Doom: levels 1 to 8 Level 1 a fountain, a sink a long staircase Level 2 a vault Level 3 a fountain, a vault Level 4 some altars to Mercury and Mars, some fountains, a vault stairs to The Gnomish Mines Level 5 Level 6 many fountains Level 7 stairs to Sokoban Level 8 The Gnomish Mines: levels 5 to 13 Level 5 stairs to The Dungeons of Doom Level 6 Level 7 many shops, a temple to Mars, some fountains Level 8 Level 9 Level 10 Level 11 Level 12 Level 13 <- You were here Sokoban: levels 3 to 6 Level 3 Solved Level 4 Solved Level 5 Solved Level 6 Solved stairs to The Dungeons of Doom History has recorded: On T:1 you entered the Dungeons of Doom to retrieve the Amulet of Yendor! On T:223 you reached level 2 of The Dungeons of Doom. On T:738 you reached level 3 of The Dungeons of Doom. On T:1050 you reached level 4 of The Dungeons of Doom. On T:1341 you reached level 5 of The Dungeons of Doom. On T:1783 you reached level 1 of The Gnomish Mines. On T:2338 you reached level 2 of The Gnomish Mines. On T:2481 you reached level 3 of The Gnomish Mines. On T:3177 you advanced to experience level 2. On T:3559 you advanced to experience level 3. On T:4104 you advanced to experience level 4. On T:4883 you reached level 6 of The Dungeons of Doom. On T:5237 you advanced to experience level 5. On T:5887 you reached level 7 of The Dungeons of Doom. On T:6383 you reached level 8 of The Dungeons of Doom. On T:6489 you advanced to experience level 6. On T:6539 you reached level 4 of Sokoban. On T:7085 you reached level 3 of Sokoban. On T:7800 you reached level 2 of Sokoban. On T:8493 you reached level 1 of Sokoban. On T:9606 you advanced to experience level 7. On T:13043 you reached level 4 of The Gnomish Mines. On T:13506 you advanced to experience level 8. On T:14151 you reached level 5 of The Gnomish Mines. On T:17174 you reached level 6 of The Gnomish Mines. On T:17198 you reached level 7 of The Gnomish Mines. On T:17357 you reached level 8 of The Gnomish Mines. On T:18212 you advanced to experience level 9. On T:19885 you received Stormbringer from Mars. On T:26221 you reached level 9 of The Gnomish Mines. On T:28428 you advanced to experience level 10. Score breakdown: Gold: 815 ( 9904 points) Experience: 9 levels (15756 points) Exploration: 13 levels ( 24.53%) (14411 points) Discoveries: 29 items ( 9.83%) ( 9406 points) Valuables value: (no points given unless you survive) Artifact value: 8000 (13277 points) Variety of kills: 142 monsters ( 37.37%) (18338 points) Turncount: 28548 turns (-3928 points) Survival: died (score multiplied by 80%) Total score: 61731 Latest messages: You miss the winged gargoyle. Sirius misses the winged gargoyle. The winged gargoyle misses. (2x) The winged gargoyle bites! Status of the winged gargoyle (chaotic): Level 8 HP 42(53) Pw 18(18) Def 12. You miss the winged gargoyle. Sirius misses the winged gargoyle. The winged gargoyle hits! (2x) The winged gargoyle misses. Sirius misses the winged gargoyle. The winged gargoyle misses Sirius. (3x) The winged gargoyle hits! The winged gargoyle misses. The winged gargoyle bites! [2 turns] You feel an absence of magical power. Sirius misses the winged gargoyle. The winged gargoyle hits! You die... Final status: Goodbye Mojom the Ranger, killed by a winged gargoyle... You died in The Gnomish Mines on dungeon level 13 with 61731 points, and 815 pieces of gold, after 28548 moves. You were level 9 with a maximum of 73 hit points when you died.